 Dungeon Crawl Stone Soup version 0.21.1-1-g345015f (webtiles) character file.

38 antender the Conjurer (level 3, -4/26 HPs)
             Began as a Draconian Conjurer on Feb 5, 2018.
             Slain by a worm (7 damage)
             ... on level 3 of the Dungeon.
             The game lasted 00:02:44 (1373 turns).

antender the Conjurer (Draconian Conjurer)          Turns: 1373, Time: 00:02:44

Health: -4/26      AC:  5    Str: 10    XL:     3   Next: 25%
Magic:  1/6        EV: 12    Int: 16    God:
Gold:   140        SH:  0    Dex: 11    Spells: 5/6 levels left

rFire    . . .     SeeInvis .   (no weapon)
rCold    . . .     Gourm    .   (no shield)
rNeg     . . .     Faith    .   (armour unavailable)
rPois    .         Spirit   .   (helmet restricted)
rElec    .         Reflect  .   (no cloak)
rCorr    .         Harm     .   (no gloves)
MR       .....                  (no boots)
Stlth    ++........             (no amulet)
HPRegen  0.08/turn              (no ring)
MPRegen  0.10/turn              (no ring)

@: no status effects
A: unfitting armour, cold-blooded, AC +5
a: no special abilities


You were on level 3 of the Dungeon.
You were not hungry.

You visited 1 branch of the dungeon, and saw 3 of its levels.

You collected 140 gold pieces.

Inventory:

Jewellery
 f - an uncursed ring of ice {unknown}
Scrolls
 c - 2 scrolls of teleportation {unknown}
 d - a scroll of enchant weapon {unknown}
 j - a scroll of identify {unknown}
 k - a scroll of remove curse {unknown}
Potions
 e - 2 potions of ambrosia {unknown}
 g - a potion of mutation {unknown}
 h - a potion of might {unknown}
 i - a potion of agility {unknown}
Books
 a - a book of Conjurations

   Spells                             Type                      Level
   a - Magic Dart                     Conjuration                  1
   b - Searing Ray                    Conjuration                  2
   c - Dazzling Spray                 Conjuration/Hexes            3
   d - Fulminant Prism                Conjuration/Hexes            4
   e - Force Lance                    Conjuration/Translocation    4
   f - Iskenderun's Mystic Blast      Conjuration                  4
Comestibles
 b - 5 rations
 l - a chunk of flesh


   Skills:
 - Level 1.7 Dodging
 - Level 1.7 Stealth
 - Level 2.0 Spellcasting
 + Level 5.1 Conjurations


You had 5 spell levels left.
You knew the following spells:

 Your Spells              Type           Power        Failure   Level  Hunger
a - Magic Dart            Conj           ###.         2%          1    #......


Dungeon Overview and Level Annotations

Branches:
Dungeon (3/15)

Altars:
Hepliaklqana


Innate Abilities, Weirdness & Mutations

Your plain brown scales are hard. (AC +5)
You cannot fit into any form of body armour.
You are cold-blooded and may be slowed by cold attacks.


Message History

The worm is lightly wounded.
The worm closely misses you. The frilled lizard barely misses you.
You closely miss the frilled lizard.
The frilled lizard bites you but does no damage.
The worm bites you but does no damage.
You barely miss the frilled lizard.
Your tail-slap misses the frilled lizard.
The frilled lizard barely misses you.
You miss the frilled lizard. The worm bites you.
* * * LOW HITPOINT WARNING * * *
The frilled lizard closely misses you.
You barely miss the frilled lizard. The frilled lizard misses you.
You hit the frilled lizard but do no damage.
Your tail-slap misses the frilled lizard.
The worm barely misses you. The frilled lizard closely misses you.
You hit the frilled lizard.
The frilled lizard is heavily wounded.
The frilled lizard bites you but does no damage.
The worm bites you!
You die...

#........ ######### #........
#.......# #........ #.......#
#........ #.......# #........
#.......# #........
#.......######._......
#..........w@lg.......
#........#####..%.....
#........#####........
............†.g.......
............<#...?..##
.........#...#.###### .
.......#.#...#.# ..
.......#.#...#.###########...
.......#>....................


You could see a worm, a hobgoblin and a frilled lizard.

Vanquished Creatures
  A dart slug (D:1)
  5 leopard geckos
  A bat (D:1)
  4 goblins
  A hobgoblin (D:1)
  4 jackals
  A kobold (D:2)
  2 quokkas
  2 frilled lizards (D:2)
  8 rats
29 creatures vanquished.

Vanquished Creatures (others)
  A goblin (D:3)
1 creature vanquished.

Grand Total: 30 creatures vanquished

Notes
Turn   | Place    | Note
-------+----------+-------------------------------------------
     0 | D:1      | antender the Draconian Conjurer began the quest for the Orb.
     0 | D:1      | Reached XP level 1. HP: 14/14 MP: 3/3
   212 | D:1      | Reached XP level 2. HP: 17/20 MP: 0/5
  1213 | D:2      | Reached skill level 5 in Conjurations
  1223 | D:2      | Reached XP level 3. HP: 26/26 MP: 2/6
  1266 | D:3      | Found a hazy altar of Hepliaklqana.
  1373 | D:3      | Slain by a worm

Skill      XL: |  1  2 |
---------------+-------+-----
Conjurations   | 5 |  5.1
Dodging        | |  1.7
Stealth        | |  1.7
Spellcasting   | |  2.0

Action                   || total
-------------------------++-------
Melee: Unarmed           ||    34
       Tailslap          ||     3
 Cast: Magic Dart        ||    55
  Eat: Chunk             ||     2
Armor: Skin              ||    22
Dodge: Dodged            ||    41
